AoeStats
← Hitokirivan

Arabia

507082047Analyzed
1v1 RM · 17d ago on Sep 16, 2026· 41m 56s· 2 players
Game mode
Random Map
Map size
Tiny (2 player)
Population
200
Speed
Normal
Resources
Standard
Victory
Conquest
Starting age
Dark Age
Ending age
Imperial Age
RankedLock teamsTeams togetherTeam positionsShared explorationLock speedFull tech treeHidden civsTurbo modeCheats
Victory
Defeat
🇵🇪 Huns · Peru
989
+15
🇫🇷 Franks · France
971
-15
Joint de Culasse
6:37 Loom
9:47 Feudal Age
11:04 Double-Bit Axe
17:05 Gold Mining
18:19 Town Watch
20:57 Castle Age
19:32 Gold Mining
20:50 Stone Mining
22:37 Bow Saw
25:10 Scale Barding Armor
25:15 Forging
25:26 Husbandry
29:02 Gold Shaft Mining
32:26 Fletching
35:11 Bodkin Arrow
36:08 Wheelbarrow
35:46 Scale Mail Armor
39:32 Imperial Age
37:59 Chain Mail Armor
38:04 Chain Barding Armor
38:20 Iron Casting
38:04 Padded Archer Armor
40:39 #83
39:43 Elite Throwing Axeman
Hitokirivan
6:19 Loom
9:45 Feudal Age
20:45 Castle Age
19:50 Horse Collar
20:05 Gold Mining
21:08 Bloodlines
21:33 Husbandry
22:00 Fletching
22:27 Forging
23:06 Gold Shaft Mining
22:40 Double-Bit Axe
23:50 Pikeman
24:34 Squires
25:08 Bodkin Arrow
30:03 Padded Archer Armor
30:21 Scale Mail Armor
31:38 Ballistics
37:03 Imperial Age
35:42 Leather Archer Armor
35:44 Bow Saw
37:58 Wheelbarrow
37:09 Town Watch
38:52 Parthian Tactics
40:34 Chemistry
40:52 Bracer
Connection lost

Rejoining the realm…

Still unreachable

The connection could not be restored.

Session expired

The server has moved on; the page needs a fresh start.